 Dungeon Crawl Stone Soup version 0.23-a0-726-g9fa1570 (webtiles) character file.

408 MalarOregon the Poker (level 6, 0/48 HPs)
             Began as a Merfolk Skald on Jan 17, 2019.
             Was a Follower of Qazlal.
             Slain by a worker ant (2 damage)
             ... on level 3 of the Dungeon.
             The game lasted 00:10:42 (5872 turns).

MalarOregon the Poker (Merfolk Skald)               Turns: 5872, Time: 00:10:43

Health: 0/48       AC:  8    Str: 12    XL:     6   Next: 88%
Magic:  10/10      EV: 12    Int: 19    God:    Qazlal [*.....]
Gold:   174        SH:  1    Dex: 13    Spells: 4/11 levels left

rFire    + . .     SeeInvis +   a - +0 trident
rCold    + . .     Gourm    .   (no shield)
rNeg     . . .     Faith    .   d - +2 ring mail {rPois}
rPois    +         Spirit   .   (no helmet)
rElec    +         Reflect  .   (no cloak)
rCorr    +         Harm     .   o - +0 pair of gloves
MR       .....                  (no boots)
Stlth    +.........             (no amulet)
HPRegen  0.16/turn              z - ring of see invisible
MPRegen  0.12/turn              (no ring)

@: brilliant, lethally poisoned (0 -> -2), resistant
A: change form in water, swift swim, stealthy swim
a: Renounce Religion


You were on level 3 of the Dungeon.
You worshipped Qazlal.
Qazlal was aware of your devotion.
You were not hungry.

You visited 1 branch of the dungeon, and saw 4 of its levels.

You collected 174 gold pieces.

Inventory:

Hand Weapons
 a - a +0 trident (weapon)
   (You took it off an orc on level 3 of the Dungeon)
Missiles
 g - 149 stones (quivered)
 n - 4 javelins
Armour
 d - a +2 ring mail of poison resistance (worn)
   (You found it on level 3 of the Dungeon)
 o - a +0 pair of gloves (worn)
   (You found it on level 2 of the Dungeon)
Jewellery
 z - a ring of see invisible (left hand)
   (You found it on level 4 of the Dungeon)
Scrolls
 f - 2 scrolls of identify {@r1}
 k - a scroll of blinking
 l - a scroll of teleportation {@r4}
Potions
 c - a potion of mutation {unknown}
 i - a potion of heal wounds {unknown}
 j - a potion of curing {unknown}
Comestibles
 e - 5 rations {!d}
 p - a chunk of flesh


   Skills:
 + Level 3.6 Fighting
 + Level 4.8 Polearms
 + Level 2.4 Throwing
 + Level 2.0 Armour
 + Level 4.4 Dodging
 + Level 3.0 Spellcasting
 - Level 3.2 Charms
 - Level 1.2 Invocations


You had 4 spell levels left.
You knew the following spells:

 Your Spells              Type           Power        Failure   Level  Hunger
a - Infusion              Chrm           ####         1%          1    None
e - Regeneration          Chrm/Necr      ###.......   6%          3    ###....
t - Spectral Weapon       Hex/Chrm       ###.....     6%          3    ###....

Your spell library contained the following spells:

 Spells                   Type           Power        Failure   Level  Hunger
 Song of Slaying          Chrm           ####....     1%          2    ##.....
 Shroud of Golubria       Chrm/Tloc      ###.......   3%          2    ##.....
 Animate Skeleton         Necr           N/A          4%          1    None
 Pain                     Necr           ##..         4%          1    None
 Vampiric Draining        Necr           ##........   11%         3    ###....
 Animate Dead             Necr           N/A          30%         4    ####...


Dungeon Overview and Level Annotations

Branches:
Dungeon (4/15)
 Temple: D:4-7

Altars:
Qazlal
Trog
Wu Jian
Zin


Message History

There is a stone staircase leading down here.
You climb downwards.
You hear the hiss of flowing sand.
There is an entrance to an ossuary on this level.
Hurry and find it before the portal is buried!
You hear the hiss of a distant avalanche of sand.
The worker ant misses you. The worker ant barely misses you.
There is a stone staircase leading up here.
The orc barely misses you. The worker ant misses you.
You climb upwards.
There is a stone staircase leading down here.
Unknown command.
Unknown command.
You hit the worker ant. The orc hits you but does no damage.
The worker ant bites you.
* * * LOW HITPOINT WARNING * * *
You hit the worker ant. The orc hits you but does no damage.
The worker ant barely misses you.
You barely miss the worker ant. The worker ant barely misses you.
The orc hits you but does no damage. The worker ant misses you.
You hit the worker ant but do no damage.
The orc is engulfed in blazing flames.
You kill the orc!
Qazlal accepts your kill. The worker ant bites you.
* * * LOW HITPOINT WARNING * * *
You hit the worker ant but do no damage.
The worker ant bites you.
* * * LOW HITPOINT WARNING * * *
You are poisoned.
The worker ant poisons you!
You hit the worker ant.
You feel sick. The worker ant bites you.
* * * LOW HITPOINT WARNING * * *
The worker ant barely misses you.
You hit the worker ant but do no damage.
The worker ant bites you.
* * * LOW HITPOINT WARNING * * *
It was a potion of brilliance.
You feel clever all of a sudden.
* * * LOW HITPOINT WARNING * * *
You feel sick.
The worker ant waves its antennae.
The worker ant barely misses you.
It was a potion of resistance.
You feel protected. The worker ant misses you.
Unknown command.
It was a potion of magic.
Magic courses through your body.
* * * LOW HITPOINT WARNING * * *
You feel sick. The worker ant bites you.
You die...

#.# #.# #.# #.#
############# #.#
...........<# #.#
###########
.###..#####.# #.#
#.........# .# #....#
#.###a###.#######)#
.###..#.###.##..@##.#
####.####
.........##.#...).#.#
#.......#
##.##...............#
#..#.##.#
#.##.......###.#####
#....##.#
#.########## #)#
#...###.# #.#### #.#
#...###.# #....#
##'## #.......#
####.# ##...##
###)##### ##.#
##....)## ##)#


You could see a worker ant.

Vanquished Creatures
  2 scorpions (D:4)
  3 orc priests
  An orc wizard (D:4)
  A worker ant (D:4)
  4 adders
  A worm (D:3)
  A dart slug (D:3)
  2 leopard geckos
  16 orcs
  9 bats
  9 giant cockroaches
  9 hobgoblins
  16 jackals
  A ball python (D:3)
  5 frilled lizards (D:1)
  8 goblins
  9 kobolds
  A quokka skeleton (D:4)
  7 rats
  10 plants (D:1)
115 creatures vanquished.

Vanquished Creatures (others)
  2 plants (D:1)
2 creatures vanquished.

Grand Total: 117 creatures vanquished

Notes
Turn   | Place    | Note
-------+----------+-------------------------------------------
     0 | D:1      | MalarOregon the Merfolk Skald began the quest for the Orb.
     0 | D:1      | Reached XP level 1. HP: 16/16 MP: 3/3
  1212 | D:1      | Reached XP level 2. HP: 17/22 MP: 5/5
  1348 | D:1      | Reached skill level 1 in Armour
  1664 | D:1      | Reached XP level 3. HP: 28/28 MP: 6/6
  2896 | D:2      | Found a stormy altar of Qazlal.
  2968 | D:2      | Reached skill level 1 in Throwing
  3289 | D:2      | Found an ornate altar of the Wu Jian Council.
  3315 | D:2      | Found a bloodstained altar of Trog.
  3315 | D:2      | Found a glowing silver altar of Zin.
  3385 | D:2      | Reached XP level 4. HP: 31/34 MP: 7/7
  4030 | D:2      | Became a worshipper of Qazlal Stormbringer
  4211 | D:3      | Learned a level 3 spell: Regeneration
  4215 | D:3      | Learned a level 3 spell: Spectral Weapon
  4493 | D:3      | Reached XP level 5. HP: 36/40 MP: 8/8
  5205 | D:3      | Reached skill level 1 in Invocations
  5212 | D:3      | Reached * piety under Qazlal
  5614 | D:4      | Reached XP level 6. HP: 42/47 MP: 10/10
  5756 | D:3      | HP: 1/47 [orc/+0 hand axe (2)]
  5872 | D:3      | HP: 2/48 [poisoned by a worker ant]
  5872 | D:3      | Slain by a worker ant

Vault maps used:
D:1:      psy_arrival_radial02, wad_woods_river_04, minmay_distorted
D:2:      old_standard_altar, lemuel_doored_altar, grunt_temple_overflow_open,
          first_ration
D:3:      chequers_serial_rivers_micro_a
D:4:      xom_teletrap_fun, enter_ossuary_3, nemelex_diamond_rough_becter,
          uniq_ijyb, uniq_purgy, uniq_natasha, uniq_duvessa

Skill      XL: |  1  2  3  4  5  6 |
---------------+-------------------+-----
Dodging        | 3 4 |  4.4
Armour         | 1 2 |  2.0
Throwing       | 1 2 |  2.4
Polearms       | 4 |  4.8
Fighting       | 3 |  3.6
Invocations    | 1 |  1.2
Spellcasting   | 3 |  3.0
Charms         | |  3.2

Action                   |  1- 3 |  4- 6 || total
-------------------------+-------+-------++-------
Melee: Spear             |  1044 |   174 ||  1218
       Tailslap          |    25 |       ||    25
       Trident           |       |   176 ||   176
Throw: Stone             |     2 |       ||     2
 Cast: Infusion          |     2 |       ||     2
  Use: Scroll            |       |     8 ||     8
       Potion            |       |     3 ||     3
 Stab: Distracted        |     1 |       ||     1
       Sleeping          |       |     1 ||     1
  Eat: Chunk             |     6 |     9 ||    15
       Ration            |     1 |       ||     1
Armor: Leather armour    |    55 |     9 ||    64
       Ring mail         |       |   110 ||   110
Dodge: Dodged            |   152 |   213 ||   365
Block: Other             |       |     2 ||     2

Table legend:
 A = Non-vault XP
 B = Vault XP
 C = Vault XP percentage of total XP
 D = Non-vault monster count
 E = Vault monster count
 F = Vault count percentage of total count
                 A         B        C        D         E       F
            +---------+---------+-------+---------+---------+-------
      Total |     579 |       4 |   0.7 |     103 |       2 |   1.9
            +---------+---------+-------+---------+---------+-------
        D:1 |      43 |       4 |   8.5 |      27 |       2 |   6.9
        D:2 |      68 |       0 |   0.0 |      19 |       0 |   0.0
        D:3 |     189 |       0 |   0.0 |      48 |       0 |   0.0
        D:4 |     279 |       0 |   0.0 |       9 |       0 |   0.0
            +---------+---------+-------+---------+---------+-------
